 Dungeon Crawl Stone Soup version 0.30-b1-2-g02819fbbbe (webtiles) character file.

Game seed: 8670325548269155730

141596 LLlMATKO the Warrior (level 16, -2/160 HPs)
             Began as a Minotaur Berserker on Nov 10, 2023.
             Was the Champion of Trog.
             Hit by a javelin thrown by a merfolk javelineer (24 damage)
             ... on level 4 of the Shoals on Nov 11, 2023.
             The game lasted 00:36:58 (27241 turns).

LLlMATKO the Warrior (Minotaur Berserker)          Turns: 27241, Time: 00:36:59

Health: -2/160     AC: 26    Str: 34    XL:     16   Next: 78%
Magic:  1/15       EV: 12    Int:  4    God:    Trog [******]
Gold:   3028       SH: 18    Dex:  9    Spells: 15/15 levels left

rFire   + + +        p - +3 broad axe of the Gloaming {heavy, rF+ rCorr Str+3}
rCold   + + .        S - +1 tower shield
rNeg    . . .        O - +1 plate armour {rF+}
rPois   +            F - +2 hat
rElec   .            G - scarf {rC+ rF+}
rCorr   +            o - +2 pair of gloves {infuse}
SInv    .            N - +0 pair of boots
Will    +....        R - amulet of regeneration Stlth
                     I - ring of poison resistance
HPRegen 1.26/turn    e - ring of protection from cold
MPRegen 0.14/turn

%: infuse magic (1 MP)
@: on berserk cooldown, slowed, studying Fighting, very slow
A: horns 2, retaliatory headbutt
a: Renounce Religion, Berserk, Trog's Hand, Brothers in Arms


You were on level 4 of the Shoals.
You worshipped Trog.
Trog was exalted by your worship.
You visited 4 branches of the dungeon, and saw 26 of its levels.
You also visited: Sewer, Gauntlet, Ice Cave and Volcano.

You collected 3142 gold pieces.
You spent 114 gold pieces at shops.

Inventory:

Hand Weapons
 n - a +2 broad axe of draining
 p - the +3 broad axe of the Gloaming (weapon) {heavy, rF+ rCorr Str+3}
   (Trog gifted it to you on level 2 of the Orcish Mines)

   Str:       It affects your strength (+3).
   rF:        It protects you from fire.
   rCorr:     It protects you from acid and corrosion.
 Q - the +16 obsidian axe {drain, demonic, Mesm Drain Fly SInv}
   (You found it on level 10 of the Dungeon)

   Mesm:      Its wielder is mesmerised by any visible foes, and it cannot be
   unequipped while any foes are visible.
   SInv:      It lets you see invisible.
   Fly:       It grants you flight.
   Drain:     It drains your maximum health when unequipped.
Missiles
 b - 25 poisoned darts (quivered)
 z - 3 throwing nets
Armour
 o - a +2 pair of gloves of infusion (worn)
 E - the +5 fire dragon scales "Foepur" {rElec rF++ rC- Will+ Str-5 Int+6}
   (You took it off a minotaur in a Gauntlet)

   Str:       It affects your strength (-5).
   Int:       It affects your intelligence (+6).
   rF:        It greatly protects you from fire.
   rC:        It makes you vulnerable to cold.
   rElec:     It insulates you from electricity.
   Will:      It increases your willpower.
 F - a +2 hat (worn)
 G - a scarf of resistance (worn)
 N - a +0 pair of boots (worn)
 O - a +1 plate armour of fire resistance (worn)
 S - a +1 tower shield (worn)
Jewellery
 e - a ring of protection from cold (right hand)
 I - a ring of poison resistance (left hand)
 R - an amulet of regeneration (around neck)
 X - the ring "Loruilal" {Fly rN+ Will++ rCorr Int-5}
   (You found it on level 2 of the Lair of Beasts)

   [ring of flight]

   Int:       It affects your intelligence (-5).
   rN:        It protects you from negative energy.
   Fly:       It grants you flight.
   rCorr:     It protects you from acid and corrosion.
   Will:      It greatly increases your willpower.
Wands
 q - a wand of light (17)
 r - a wand of iceblast (23)
 t - a wand of polymorph (10)
 v - a wand of mindburst (6)
 D - a wand of flame (55)
 J - a wand of charming (9)
 U - a wand of digging (10)
Scrolls
 c - 15 scrolls of identify
 d - 2 scrolls of torment
 f - a scroll of enchant armour
 k - 15 scrolls of teleportation
 l - 8 scrolls of enchant weapon
 s - 2 scrolls of fog
 y - 9 scrolls of fear
 A - 3 scrolls of noise
 C - 3 scrolls of poison
 M - 4 scrolls of blinking
 W - 3 scrolls of immolation
Potions
 g - 5 potions of flight
 h - 6 potions of haste
 i - 12 potions of curing
 j - 4 potions of invisibility
 m - 9 potions of might
 u - a potion of resistance
 w - 3 potions of cancellation
 H - 5 potions of ambrosia
 L - 5 potions of heal wounds


   Skills:
 + Level 19.0 Fighting
 + Level 17.4 Axes
 + Level 17.1 Armour
 + Level 15.8 Dodging
 + Level 14.5 Shields


You had 15 spell levels left.
You didn't know any spells.
Your spell library was empty.

Dungeon Overview and Level Annotations

Branches:
Dungeon (15/15)            Temple (0/1) D:7            Lair (5/5) D:11
 Shoals (4/4) Lair:3       Spider (0/4) Lair:2        Slime (0/5) Lair:5
    Orc (2/2) D:9             Elf (0/3) Orc:2        Vaults (0/5) D:14
 Depths (0/4) D:15          Sewer (visited)           IceCv (visited)
Volcano (visited)         Gauntlet (visited)

Altars:
Ashenzari
Elyvilon
Hepliaklqana
Kikubaaqudgha
Trog
Vehumet
Xom
Zin
Jiyva

Shops:
D:9 =   D:15 ?   Orc:1 (   Orc:2 =*[*(   Shoals:1 [

Portals:
Pandemonium: Orc:2

Annotations:
D:15 4 transporters
Lair:5 2 transporters, mavignon's ghost, journeyman VSBr


Innate Abilities, Weirdness & Mutations

You have a pair of horns on your head.
You reflexively headbutt those who attack you in melee.


Message History

The javelin pierces through you but does no damage.
The merfolk javelineer throws a javelin.
The javelin pierces through you.
* * * LOW HITPOINT WARNING * * *
You slash the merfolk javelineer! You headbutt the merfolk javelineer.
The merfolk javelineer is severely wounded.
The merfolk javelineer throws a javelin.
The javelin pierces through you but does no damage.
The merfolk javelineer throws a javelin.
The javelin pierces through you!
* * * LOW HITPOINT WARNING * * *
Your unstable footing causes you to fumble your attack.
The merfolk javelineer throws a javelin.
The javelin pierces through you.
* * * LOW HITPOINT WARNING * * *
Unknown command.
You hit the merfolk javelineer.
The merfolk javelineer is severely wounded.
The merfolk javelineer throws a javelin.
The javelin barely misses you.
The merfolk javelineer throws a javelin.
The javelin closely misses you.
Unknown command.
You barely miss the merfolk javelineer.
Your headbutt misses the merfolk javelineer.
The merfolk javelineer is severely wounded.
The merfolk javelineer throws a javelin.
The javelin pierces through you!
* * * LOW HITPOINT WARNING * * *
The merfolk javelineer throws a javelin.
The javelin pierces through you!
* * * LOW HITPOINT WARNING * * *
You barely miss the merfolk javelineer.
Your headbutt misses the merfolk javelineer.
The merfolk javelineer is severely wounded.
The merfolk javelineer throws a javelin.
The javelin misses you.
The merfolk javelineer throws a javelin.
The javelin pierces through you!!
You die...

≈≈≈≈≈≈≈~~~≈≈≈≈≈≈≈≈≈≈≈≈≈≈≈~~~~~~~~
≈≈≈≈≈≈≈≈≈≈≈≈≈≈≈≈≈≈≈≈≈≈≈≈≈~~~~~~~~
≈≈≈≈≈≈≈≈≈≈≈≈≈≈≈≈≈≈≈≈≈≈≈≈≈~~~~~~~~
≈≈≈≈≈≈≈≈#≈≈≈≈≈≈≈≈≈≈≈≈≈≈~~~~~~~~~~
≈≈≈≈≈≈≈≈≈≈≈≈≈≈≈≈≈≈≈≈≈≈~~~~~~~~~~~
~≈≈≈≈≈≈~~~~≈≈~~~~~..#*****~~~~~~~
~~~~~~~~~..........#,,,,~**~~~~~~
~~~~~~~~~......~)m#,*,,,,~**~~~~~
~~~~~~~~~.÷....)@#~#,,~*,,~*~~~~~
~~~~~~.........[~#~~~~~~~,~*~~~~~
P~P~.~...........#~~≈≈#*~,~*~~~~~
~~~..............#~~#≈#S,,~*~~~~~
P~~..............#~~~≈X~,*~*~~~~~
P~P..............##~~~.m#m**~~~~~
~P~~.....~)......~##≈≈~≈m**~~~~~~
~~~P~...~~~......~~###****~~~~~~~
P~P..~..~≈~.....~~~~≈≈~~~~~~~~~~~


You could see a merfolk javelineer.

Vanquished Creatures
  Saint Roka (Orc:2)
  Nikola (Shoals:1)
  Jorgrun (Orc:1)
  A kraken (Shoals:1)
  A red draconian (Volcano)
  A minotaur (Gauntlet)
  2 dire elephants (Lair:5)
  A merfolk javelineer (Shoals:2)
  A merfolk impaler (Shoals:4)
  2 ettins
  A fire dragon (D:15)
  2 hydras
  2 vault guards (D:14)
  An ogre mage (Volcano)
  A catoblepas (Gauntlet)
  A demonspawn (Orc:2)
  An alligator snapping turtle (Shoals:4)
  A centaur warrior (D:14)
  2 merfolk avatars
  2 boulder beetles
  A satyr (Shoals:3)
  5 two-headed ogres
  A death knight (D:13)
  8 merfolk aquamancers
  A death yak (Lair:5)
  2 orc high priests (Orc:2)
  2 tengu warriors
  A spectral dire elephant (Lair:5)
  Sonja (D:10)
  2 soul eaters (Orc:2)
  5 skysharks
  A spectral death yak (Lair:5)
  A pharaoh ant (Lair:2)
  9 sea snakes
  Pikel (D:5)
  A wizard (D:15)
  An obsidian statue (Lair:5)
  A necromancer (IceCv)
  4 orc knights
  7 harpies
  11 manticores
  6 orc sorcerers (Orc:2)
  12 fauns
  11 ugly things
  6 cyclopes
  A dire elephant zombie (Lair:5)
  9 merfolk sirens
  2 ice statues (IceCv)
  A rust devil (Orc:2)
  8 water nymphs
  4 black mambas
  5 elephants (Lair:5)
  A molten gargoyle (Gauntlet)
  3 gargoyles
  8 cane toads
  A smoke demon (Orc:2)
  A rime drake (Lair:5)
  2 efreet
  A freezing wraith (D:13)
  7 komodo dragons
  3 kobold demonologists (D:11)
  7 ice devils
  A hellion (Gauntlet)
  A tengu conjurer (D:14)
  An anaconda simulacrum (IceCv)
  13 merfolk
  A queen bee (Lair:4)
  2 meliai (Lair:4)
  A wind drake (Shoals:4)
  A tarantella (Lair:2)
  4 trolls
  10 blink frogs
  8 dream sheep
  9 snapping turtles
  2 slime creatures (Lair:5)
  Sigmund (D:5)
  4 shadows
  3 water elementals
  A wyvern (shapeshifter) (D:14)
  A jumping spider (Lair:2)
  3 wyverns
  3 wraiths
  31 yaks
  5 basilisks
  2 vampires
  3 humans (D:14)
  5 fire bats (Volcano)
  2 steam dragons
  A basilisk (shapeshifter) (D:13)
  Grum (D:8)
  A dire elephant simulacrum (IceCv)
  2 vampire mosquitoes (D:13)
  2 death yak simulacra (Lair:5)
  A redback (Lair:2)
  2 wargs (Orc:1)
  3 spectral cane toads (Lair:5)
  5 harpy simulacra (IceCv)
  An acid dragon (D:12)
  9 water moccasins
  3 hydra simulacra (IceCv)
  2 ice beasts
  2 black bears
  A black bear (shapeshifter) (D:13)
  34 orc warriors
  2 sky beasts (D:7)
  5 ogres
  An elephant zombie (Lair:5)
  5 centaurs
  2 elephant skeletons (Lair:5)
  4 wolves (D:8)
  A lemure (D:5)
  2 phantoms
  3 kobold brigands
  Blork the orc (D:5)
  11 bullfrogs
  4 scorpions
  9 wights
  2 elephant simulacra
  12 killer bees
  2 vampire bats (D:3)
  An electric eel (Lair:1)
  6 lava snakes (Volcano)
  4 hounds
  2 jellies
  21 orc priests
  2 gnoll boudas
  2 sleepcaps
  4 iguanas
  22 orc wizards
  Natasha (thrice) (D:3)
  A sickly merfolk siren (Sewer)
  A malarious merfolk avatar (Sewer)
  Robin (D:4)
  14 gnolls
  4 river rats
  5 adders
  A naga simulacrum (IceCv)
  3 white imps
  2 ufetubi (IceCv)
  A worm (D:3)
  2 dart slugs
  58 orcs
  3 bats
  4 bat skeletons (D:3)
  A bat zombie (D:3)
  5 endoplasms
  7 giant cockroaches
  9 goblins
  12 hobgoblins
  6 jackals
  19 kobolds
  7 quokkas
  11 ball pythons
  3 frilled lizards
  28 rats
  A plant (Shoals:4)
  3 tentacles (Shoals:1)
724 creatures vanquished.

Vanquished Creatures (collateral kills)
  A fire dragon (D:15)
  4 vault guards (D:14)
  A hydra (Lair:3)
  A catoblepas (Lair:4)
  2 orc high priests (Orc:2)
  A satyr (Shoals:2)
  A death yak (Lair:5)
  A spectral death yak (Lair:5)
  A spectral anaconda (Lair:5)
  A bog body (IceCv)
  An obsidian statue (Volcano)
  3 necromancers (Lair:5)
  A deep elf pyromancer (D:14)
  An orc sorcerer (Orc:2)
  2 orc knights (Orc:2)
  5 ugly things
  3 elephants (Lair:5)
  2 water nymphs (Shoals:2)
  A merfolk siren (Shoals:1)
  A rust devil (Orc:2)
  2 cane toads
  A dire elephant skeleton (Lair:5)
  A komodo dragon (Lair:5)
  An ice devil (IceCv)
  A meliai (Lair:4)
  A merfolk (Shoals:1)
  4 trolls
  A polar bear (Lair:1)
  A dream sheep (Lair:5)
  A blink frog (Lair:3)
  A snapping turtle (Shoals:1)
  2 spectral elephants (Lair:5)
  A slime creature (Lair:5)
  2 shadows (D:11)
  2 humans (D:14)
  A wyvern (Lair:3)
  2 fire bats (Volcano)
  8 yaks
  A wraith (D:13)
  4 vampire mosquitoes (D:11)
  A water moccasin (Lair:1)
  A spectral cane toad (Lair:5)
  5 orc warriors (Orc:2)
  An elephant zombie (Lair:5)
  2 centaurs (Lair:3)
  2 kobold brigands (D:11)
  3 bullfrogs
  A wight (D:10)
  4 killer bees (Lair:4)
  An elephant simulacrum (Lair:5)
  6 orc priests
  An orc wizard (Orc:2)
  7 orcs
  A fungus (Lair:5)
  A tentacle (Shoals:1)
109 creatures vanquished.

Vanquished Creatures (others)
  A vault guard (D:14)
  An orc wizard (D:7)
  16 fungi
  76 plants
  3 tentacles (Shoals:1)
  35 withered plants
132 creatures vanquished.

Grand Total: 965 creatures vanquished

Notes
Turn   | Place    | Note
-------+----------+-------------------------------------------
     0 | D:1      | LLlMATKO the Minotaur Berserker began the quest for the
                  | Orb.
     0 | D:1      | Reached XP level 1. HP: 19/19 MP: 0/0
   212 | D:1      | Reached XP level 2. HP: 20/27 MP: 1/1
   551 | D:1      | Reached skill level 4 in Fighting
   934 | D:2      | Reached XP level 3. HP: 33/33 MP: 2/2
  1395 | D:2      | Reached ** piety under Trog
  1589 | D:3      | Found a faded altar of an unknown god.
  1650 | D:3      | Noticed Natasha
  1673 | D:3      | Killed Natasha
  1674 | D:3      | Reached XP level 4. HP: 41/41 MP: 3/3
  2078 | D:3      | Found an ancient bone altar of Kikubaaqudgha.
  2087 | D:3      | Reached XP level 5. HP: 45/47 MP: 4/4
  2152 | D:3      | Noticed Natasha
  2163 | D:3      | Killed Natasha
  2213 | D:3      | Found a faded altar of an unknown god.
  2216 | D:3      | Found a white marble altar of Elyvilon.
  2321 | D:3      | Noticed Natasha
  2334 | D:3      | Killed Natasha
  2335 | D:3      | Reached skill level 5 in Fighting
  2335 | D:3      | Reached skill level 5 in Axes
  2409 | D:4      | Noticed Robin
  2421 | D:4      | Killed Robin
  2460 | D:4      | Reached XP level 6. HP: 55/56 MP: 5/5
  2716 | D:4      | Found a glowing drain.
  2720 | Sewer    | Entered a sewer
  2739 | Sewer    | Reached *** piety under Trog
  3246 | D:4      | Reached skill level 5 in Armour
  3246 | D:4      | Reached XP level 7. HP: 58/62 MP: 6/6
  3400 | D:4      | Reached **** piety under Trog
  3608 | D:5      | Entered Level 5 of the Dungeon
  3635 | D:5      | Reached skill level 6 in Fighting
  3748 | D:5      | Reached skill level 5 in Dodging
  3839 | D:5      | Noticed Pikel
  3851 | D:5      | Killed Pikel
  3852 | D:5      | Reached skill level 7 in Fighting
  3852 | D:5      | Reached XP level 8. HP: 56/73 MP: 7/7
  4174 | D:5      | Noticed Sigmund
  4183 | D:5      | Killed Sigmund
  4336 | D:5      | Noticed Blork the orc
  4348 | D:5      | Killed Blork the orc
  4638 | D:5      | Identified the +3 leather armour of the Worm {Dex+3}
  5180 | D:6      | Reached XP level 9. HP: 55/81 MP: 8/8
  5388 | D:6      | Found a bloodstained altar of Trog.
  5388 | D:6      | Found a hazy altar of Hepliaklqana.
  5388 | D:6      | Found a radiant altar of Vehumet.
  5396 | D:6      | Reached skill level 8 in Fighting
  6212 | D:7      | Found a broken altar of Ashenzari.
  6241 | D:7      | Reached ***** piety under Trog
  6315 | D:7      | Found a staircase to the Ecumenical Temple.
  6541 | D:7      | Received a gift from Trog
  6542 | D:7      | Reached skill level 9 in Fighting
  7283 | D:8      | Noticed Grum
  7285 | D:8      | Noticed a two-headed ogre
  7302 | D:8      | Killed a two-headed ogre
  7303 | D:8      | Reached XP level 10. HP: 13/91 MP: 9/9
  7305 | D:8      | HP: 3/91 [Grum/-1 spear (3)]
  7311 | D:8      | Killed Grum
  7814 | D:8      | Reached skill level 10 in Axes
  8156 | D:9      | Reached skill level 10 in Fighting
  8214 | D:9      | Found a shimmering altar of Xom.
  8214 | D:9      | Found a shimmering altar of Xom.
  8214 | D:9      | Found a shimmering altar of Xom.
  8214 | D:9      | Found a shimmering altar of Xom.
  8214 | D:9      | Found a shimmering altar of Xom.
  8214 | D:9      | Found a shimmering altar of Xom.
  8215 | D:9      | Found a shimmering altar of Xom.
  8215 | D:9      | Found a shimmering altar of Xom.
  8215 | D:9      | Found a shimmering altar of Xom.
  8360 | D:9      | Found a staircase to the Orcish Mines.
  8452 | D:9      | Found Gute's Jewellery Shop.
  8493 | D:9      | Reached skill level 1 in Shields
  8590 | D:9      | Noticed a two-headed ogre
  8794 | D:10     | Entered Level 10 of the Dungeon
  8836 | D:10     | Found the +16 obsidian axe {drain, demonic, Mesm Drain Fly
                  | SInv}
  9011 | D:10     | Noticed Sonja
  9017 | D:10     | Killed Sonja
  9018 | D:10     | Reached skill level 10 in Armour
  9181 | D:10     | Noticed a two-headed ogre
  9186 | D:10     | Killed a two-headed ogre
  9294 | D:10     | Found a glowing silver altar of Zin.
  9315 | D:10     | Reached XP level 11. HP: 92/101 MP: 10/10
  9841 | Orc:1    | Entered Level 1 of the Orcish Mines
  9841 | Orc:1    | Noticed an ettin
  9847 | Orc:1    | Killed an ettin
 10038 | Orc:1    | Reached skill level 11 in Fighting
 10077 | Orc:1    | Received a gift from Trog
 10199 | Orc:1    | Noticed Jorgrun
 10210 | Orc:1    | Killed Jorgrun
 10211 | Orc:1    | Reached skill level 10 in Dodging
 10211 | Orc:1    | Reached skill level 5 in Shields
 10720 | D:11     | Noticed a two-headed ogre
 10728 | D:11     | Killed a two-headed ogre
 10821 | D:11     | Noticed a green ugly thing
 10828 | D:11     | Killed a green ugly thing
 11093 | D:11     | Found a staircase to the Lair.
 11194 | Lair:1   | Entered Level 1 of the Lair of Beasts
 11225 | Lair:1   | Reached XP level 12. HP: 112/112 MP: 11/11
 11254 | Lair:1   | Reached skill level 12 in Fighting
 12191 | Lair:2   | Identified the ring "Loruilal" {Fly rN+ Will++ rCorr Int-5}
 12210 | Lair:2   | Noticed a seven-headed hydra
 12217 | Lair:2   | Killed a nine-headed hydra
 12513 | Lair:2   | Found a hole to the Spider Nest.
 12718 | Lair:2   | Identified the ring "Xyida" {Drain +Blink rN+ rCorr}
 12859 | Lair:2   | You are sucked into a shaft and drop 1 floor!
 13324 | Lair:3   | Reached skill level 13 in Fighting
 13330 | Lair:3   | Noticed a six-headed hydra
 13333 | Lair:3   | Found a staircase to the Shoals.
 13334 | Lair:3   | Killed a seven-headed hydra
 13454 | Lair:3   | Identified a scroll of acquirement
 13454 | Lair:3   | Acquired 620 gold pieces
 13975 | Lair:4   | Identified the +7 rapier "Puschab" {drain, Str+4 SInv}
 14015 | Lair:4   | Identified the +0 chain mail of Wu Jian, Cursing {Rampage}
 14074 | Lair:4   | Received a gift from Trog
 14075 | Lair:4   | Reached XP level 13. HP: 110/122 MP: 12/12
 14715 | Lair:5   | Entered Level 5 of the Lair of Beasts
 14854 | Lair:5   | Found a transporter.
 15012 | Lair:5   | Received a gift from Trog
 15015 | Lair:5   | Found a transporter.
 15026 | Lair:5   | Found a dark tunnel.
 15031 | Volcano  | Entered a volcano
 15219 | Volcano  | Reached skill level 14 in Fighting
 15219 | Volcano  | Reached skill level 10 in Shields
 15219 | Volcano  | Noticed a red draconian
 15227 | Volcano  | Killed a red draconian
 15239 | Volcano  | Found a radiant altar of Vehumet.
 15275 | Lair:5   | Noticed mavignon's ghost (journeyman VSBr)
 15559 | Lair:5   | Found a staircase to the Slime Pits.
 15559 | Lair:5   | Found a viscous altar of Jiyva.
 15642 | Lair:5   | Found a bloodstained altar of Trog.
 15766 | Lair:5   | Noticed a dire elephant
 15766 | Lair:5   | Noticed a dire elephant
 15823 | Lair:5   | Reached XP level 14. HP: 114/132 MP: 13/13
 16104 | Lair:5   | Reached ****** piety under Trog
 16111 | Lair:5   | Found the +6 Majin-Bo {spellvamp, MP+6 Int+6}
 16174 | Lair:5   | Identified the ring "Seotuomp" {Str+6 SInv}
 16175 | Lair:5   | Identified the scarf of Anarchy {+Inv, Str+3 Dex+2}
 17432 | D:13     | Received a gift from Trog
 18187 | D:14     | Reached skill level 15 in Fighting
 18187 | D:14     | Reached skill level 15 in Axes
 18678 | D:14     | Reached skill level 15 in Armour
 18745 | D:14     | Found a gate to the Vaults.
 18812 | D:15     | Entered Level 15 of the Dungeon
 18829 | D:15     | Found a gate leading to a gauntlet.
 18841 | Gauntlet | Entered a Gauntlet
 18841 | Gauntlet | Found a transporter.
 18850 | Gauntlet | Found a transporter.
 18867 | Gauntlet | Found a transporter.
 18871 | Gauntlet | Found a transporter.
 18893 | Gauntlet | Found a transporter.
 18906 | Gauntlet | Found a transporter.
 18919 | Gauntlet | Found a transporter.
 18946 | Gauntlet | Found a transporter.
 18946 | Gauntlet | Found a transporter.
 18952 | Gauntlet | Found a transporter.
 18985 | Gauntlet | Found a transporter.
 18985 | Gauntlet | Found a transporter.
 19040 | Gauntlet | Identified the amulet of Peace {-Cast rN+++ Regen+}
 19095 | Gauntlet | Reached XP level 15. HP: 141/141 MP: 14/14
 19163 | Gauntlet | Identified the +5 fire dragon scales "Foepur" {rElec rF++
                  | rC- Will+ Str-5 Int+6}
 19381 | D:15     | Found a transporter.
 19534 | D:15     | Acquired a manual of Fighting
 19726 | D:15     | Found Ofrao's Magic Scroll Shop.
 19819 | D:15     | Found a transporter.
 20200 | D:15     | Found a staircase to the Depths.
 20319 | D:15     | Found a transporter.
 20336 | D:15     | Found a transporter.
 20662 | Orc:2    | Entered Level 2 of the Orcish Mines
 20701 | Orc:2    | Found Huesu's Antique Weapon Shoppe.
 20716 | Orc:2    | Found a staircase to the Elven Halls.
 20718 | Orc:2    | Found a frozen archway.
 20732 | IceCv    | Entered an ice cave
 20835 | IceCv    | Identified the +2 executioner's axe of Pandemonium
                  | {antimagic, *Rage rElec rPois} (Trog gifted it to you in an
                  | ice cave)
 20835 | IceCv    | Received a gift from Trog
 20989 | IceCv    | Reached skill level 16 in Fighting
 21565 | Orc:2    | Noticed Saint Roka
 21579 | Orc:2    | Killed Saint Roka
 21732 | Orc:2    | Found Qikhlile's General Store.
 21744 | Orc:2    | Found Leprufui's General Store.
 21894 | Orc:2    | Bought a scroll of brand weapon for 114 gold pieces
 22044 | Orc:2    | Reached skill level 17 in Fighting
 22051 | Orc:2    | Found Week Becw's Antique Armour Shoppe.
 22051 | Orc:2    | Found Atao's Jewellery Emporium.
 22051 | Orc:2    | Found a one-way gate leading to the halls of Pandemonium.
 22055 | Orc:2    | Identified the +3 broad axe of the Gloaming {heavy, rF+
                  | rCorr Str+3} (Trog gifted it to you on level 2 of the
                  | Orcish Mines)
 22055 | Orc:2    | Received a gift from Trog
 22228 | Orc:1    | Found Roqonu's Weapon Emporium.
 22771 | Orc:2    | Found Huesu's Antique Weapon Shoppe.
 22787 | Orc:2    | Found a staircase to the Elven Halls.
 23253 | Orc:2    | Found Atao's Jewellery Emporium.
 23253 | Orc:2    | Found Week Becw's Antique Armour Shoppe.
 23254 | Orc:2    | Found a one-way gate leading to the halls of Pandemonium.
 23744 | Shoals:1 | Entered Level 1 of the Shoals
 23803 | Shoals:1 | Noticed a kraken
 23809 | Shoals:1 | Killed a kraken
 24091 | Shoals:1 | Identified the +10 rapier "Yclieces" {drain, rC++}
 24157 | Shoals:1 | Noticed Nikola
 24164 | Shoals:1 | Killed Nikola
 24165 | Shoals:1 | Reached skill level 15 in Dodging
 24182 | Shoals:1 | Reached XP level 16. HP: 155/155 MP: 0/15
 24425 | Shoals:1 | Found Nukog's Armour Boutique.
 25073 | Shoals:2 | Received a gift from Trog
 25391 | Shoals:2 | Reached skill level 18 in Fighting
 26299 | Shoals:3 | Received a gift from Trog
 26716 | Shoals:4 | Entered Level 4 of the Shoals
 27204 | Shoals:4 | Noticed a kraken
 27231 | Shoals:4 | Reached skill level 19 in Fighting
 27241 | Shoals:4 | Hit by a javelin thrown by a merfolk javelineer

Illustrated notes

Levels and vault maps discovered:
D:1:      minmay_arrival_diagonal_passages, layout_basic,
          serial_co_window_serial, co_window_paths_a, co_window_paths_a,
          co_window_of_opportunity_a, co_window_paths_a, co_window_corner_a,
          co_window_corner_a, co_window_paths_a, co_window_of_opportunity_a,
          co_window_paths_b, co_window_of_opportunity_b,
          co_window_of_opportunity_c, co_window_2corner, co_window_paths_c,
          co_window_corner_ca, co_window_corner_b, glass_columns_a,
          glass_columns_a
D:2:      layout_basic
D:3:      layout_rooms, kennysheep_vampire_church,
          nicolae_overflow_ecumenical_swirl,
          shapermc_ecumenical_altar_notcrosses, serial_corexii_hall,
          corexii_hall_statues_deadend, corexii_hall_statues_s,
          corexii_hall_statues_u, chequers_hall_statues_wall_a,
          chequers_hall_statues_wall_a, corexii_hall_statues_l, uniq_natasha
D:4:      layout_cave_pools, gup_sewer_entry_spiral, mrwooster_statue_mirror,
          uniq_robin
D:5:      layout_basic, serial_co_window_serial, co_window_paths_b,
          co_window_corner_a, co_window_paths_b, co_window_paths_b,
          co_window_paths_b, co_window_paths_c, co_window_broadway_c,
          co_window_corner_cb, co_window_of_opportunity_b, co_window_paths_e,
          co_window_4corner_b, glass_columns_c, uniq_sigmund, uniq_pikel,
          uniq_blork_the_orc
D:6:      layout_loops_ring, gammafunk_temple_overflow_claw
D:7:      layout_basic, nicolae_ashenzari_skybound, minmay_temple_entry_waves
D:8:      layout_loops_ring, nicolae_elevator_lobby_plus, uniq_grum
D:9:      layout_irregular_city, xom_shifter_show, serial_shops,
          nicolae_shop_tiny_glass
D:10:     layout_roguey, zin_statuary, uniq_sonja
D:11:     layout_cave_pools, david_lair_shrubbed, nicolae_lava_and_water
D:12:     layout_rooms
D:13:     layout_grid_maze
D:14:     layout_basic, ximxim_vaults_locker_room, minmay_fountain_box
D:15:     grunt_enter_depths_hoard, layout_layer_cave, roderic_roman_lattice,
          serial_shops, nicolae_diamond_shop, gauntlet_entry_generic,
          nicolae_diode_intersection
Lair:1:   layout_chaotic_city, grunt_megastairs_3, serial_bayou_shore_b,
          serial_bayou_shore_b, lemuel_fruit_tree
Lair:2:   layout_long_grid, nicolae_spider_entry_lesser_pyramids,
          mumra_transporter_accident, nicolae_lair_lil_pond
Lair:3:   layout_small_grid, minmay_shoals_entry_centaurs
Lair:4:   layout_roguey [special_room_bee]
Lair:5:   due_jungle_book, layout_gridlike, minmay_slime_entry_pillars,
          enter_volcano_4, gammafunk_ghost_wrathful_warriors,
          lemuel_fruit_fields, infiniplex_staircase_pool_2
Shoals:1: layout_shoals, serial_shops, nicolae_shop_peninsula, uniq_nikola
Shoals:2: layout_shoals, nicolae_splish_splash
Shoals:3: layout_shoals
Shoals:4: shoals_end_hangedman, layout_shoals, nicolae_shoals_isolated_beach,
          uniq_aizul
Orc:1:    layout_diamond_mine, serial_shops, nicolae_shop_statue_plus,
          uniq_jorgrun
Orc:2:    pf_orc_diabolical, layout_caves, portal_ice_cave_entry_pillars_1,
          serial_shops, nicolae_lakefront_shop, uniq_saint_roka

Skill      XL: |  1  2  3  4  5  6  7  8  9 10 11 12 13 14 15 16 |
---------------+-------------------------------------------------+-----
Axes           | 4 5 7 8 9 10 11 13 14 15 16 17 | 17.4
Fighting       | 4 5 7 9 10 11 13 14 15 17 19 | 19.0
Armour         | 3 4 5 6 7 9 10 11 12 14 15 16 17 | 17.1
Dodging        | 3 4 5 6 8 9 10 11 12 14 15 | 15.8
Shields        | 3 6 8 10 12 13 14 | 14.5

Action                     |  1- 3 |  4- 6 |  7- 9 | 10-12 | 13-15 | 16-18 || total
---------------------------+-------+-------+-------+-------+-------+-------++-------
  Melee: Hand axe          |    80 |   167 |   125 |       |       |       ||   372
         Headbutt          |     6 |    18 |    56 |    44 |   132 |    42 ||   298
         Unarmed           |    19 |    13 |       |       |       |       ||    32
         Punch             |       |     2 |     6 |       |       |       ||     8
         War axe           |       |       |   175 |    76 |       |       ||   251
         Broad axe         |       |       |       |   203 |   659 |   248 ||  1110
  Throw: Dart              |       |       |       |     5 |     1 |     6 ||    12
 Invoke: Berserk           |     1 |     2 |     2 |     3 |    12 |     4 ||    24
         Trog's Hand       |       |       |       |       |     4 |       ||     4
         Brothers in Arms  |       |       |       |       |     2 |       ||     2
  Evoke: Wand              |       |       |       |       |     1 |       ||     1
    Use: Scroll            |       |     5 |       |     3 |    26 |     1 ||    35
         Potion            |       |     1 |       |       |       |     1 ||     2
   Stab: Petrifying        |       |       |     1 |       |       |       ||     1
         Distracted        |       |       |       |       |    11 |       ||    11
 Armour: Animal skin       |     6 |       |       |       |       |       ||     6
         Scale mail        |    13 |       |       |       |       |       ||    13
         Chain mail        |     3 |    67 |   155 |       |       |       ||   225
         Plate armour      |       |       |    38 |   112 |   197 |   106 ||   453
  Dodge: Dodged            |    62 |    94 |   169 |   115 |   133 |   106 ||   679
  Block: Tower shield      |       |       |       |    96 |   402 |   208 ||   706
